 Dungeon Crawl Stone Soup version 0.27.0-1-g7a089689b8 (webtiles) character file.

Game seed: 11959305892091442976

121 Lochraine the Firebug (level 4, -2/24 HPs)
             Began as a Deep Elf Fire Elementalist on Aug 6, 2021.
             Slain by a phantom (9 damage)
             ... on level 4 of the Dungeon.
             The game lasted 00:06:42 (2567 turns).

Lochraine the Firebug (Deep Elf Fire Elementalist)  Turns: 2567, Time: 00:06:43

Health: -2/24      AC:  2    Str:  5    XL:     4   Next: 77%
Magic:  9/12       EV: 12    Int: 21    God:
Gold:   105        SH:  0    Dex: 15    Spells: 8/12 levels left

rFire    . . .     SeeInvis .   e - +2 hand axe (venom)
rCold    . . .     Faith    .   (no shield)
rNeg     . . .     Spirit   .   a - +0 robe
rPois    .         Reflect  .   (no helmet)
rElec    .         Harm     .   (no cloak)
rCorr    .         Rampage  .   (no gloves)
Will     .....                  (no boots)
Stlth    ++........             (no amulet)
HPRegen  0.08/turn              (no ring)
MPRegen  0.13/turn              (no ring)

@: no status effects
A: no striking features
a: no special abilities


You were on level 4 of the Dungeon.
You visited 1 branch of the dungeon, and saw 4 of its levels.

You collected 105 gold pieces.

Inventory:

Hand Weapons
 c - a +0 short sword
 e - a +2 hand axe of venom (weapon)
Armour
 a - a +0 robe (worn)
Magical Staves
 k - a staff of air
Scrolls
 b - a scroll of noise {unknown}
 d - a scroll of teleportation
 f - a scroll of immolation {unknown}
 h - 3 scrolls of identify {unknown}
 l - a scroll of enchant armour {unknown}
 m - a scroll of fog {unknown}
Potions
 g - 3 potions of mutation {unknown}
 i - a potion of magic {unknown}
 j - a potion of berserk rage {unknown}


   Skills:
 - Level 2.6 Dodging
 - Level 2.4 Stealth
 + Level 4.5 Spellcasting
 + Level 2.7 Conjurations
 + Level 4.5 Fire Magic


You had 8 spell levels left.
You knew the following spells:

 Your Spells              Type           Power      Damage    Failure   Level
a - Foxfire               Conj/Fire      80%        2x1d8     2%          1
b - Conjure Flame         Conj/Fire      20%        6-21      8%          3

Your spell library contained the following spells:

 Spells                   Type           Power      Damage    Failure   Level
 Inner Flame              Hex/Fire       14%        N/A       14%         3
 Sticky Flame             Conj/Fire      20%        2d4       26%         4
 Fireball                 Conj/Fire      10%        3d6       56%         5


Dungeon Overview and Level Annotations

Branches:
Dungeon (3/15)

Altars:

Annotations:
D:3 2 transporters


Message History

No target in view!
Things that are here:
a frilled lizard corpse; a jackal corpse
Found an escape hatch in the floor.
The goblin shouts!
You hear a shout!
g - 3 amethyst potions (gained 2)
Found a transporter.
Found a stone staircase leading up.
No reachable target in view!
Found a robe.
You see here a +0 robe.
Found a transporter.
You fall into a shaft and drop 1 floor!
The shaft crumbles and collapses.
A phantom comes into view.
Casting: Foxfire (safe; 2% risk of failure)
Confirm with . or Enter, or press ? or * to list all spells.
You conjure some foxfire!
The phantom misses you.
The foxfire hits the phantom but does no damage.
The foxfire hits the phantom.
The phantom is lightly damaged.
The phantom closely misses you.
Casting: Foxfire (safe; 2% risk of failure)
Confirm with . or Enter, or press ? or * to list all spells.
You conjure some foxfire!
The phantom hits you.
The foxfire hits the phantom.
The phantom is moderately damaged.
The foxfire hits the phantom.
The phantom is heavily damaged.
The phantom hits you.
The phantom blinks!
You blink.
Casting: Foxfire (safe; 2% risk of failure)
Confirm with . or Enter, or press ? or * to list all spells.
You conjure some foxfire!
The phantom hits you!
* * * LOW HITPOINT WARNING * * *
The foxfire hits the phantom.
The phantom is heavily damaged.
The foxfire hits the phantom.
The phantom is severely damaged.
The phantom hits you!
You die...

.#########
.........#
########§###
#......#
#.##§#.# #
#....#
#W#..#
#.@..#
##§#.#
......
##.##.## #.#
..# .## .


You could see a phantom.

Vanquished Creatures
  Jessica (D:2)
  3 gnolls
  2 worms
  2 dart slugs (D:1)
  5 ball pythons
  3 endoplasms
  2 giant cockroaches
  5 goblins
  3 hobgoblins
  6 jackals
  5 kobolds
  A quokka (D:1)
  5 bats
  3 frilled lizards
  9 rats
55 creatures vanquished.

Vanquished Creatures (others)
  124 foxfires
  A plant (D:3)
125 creatures vanquished.

Grand Total: 180 creatures vanquished

Notes
Turn   | Place    | Note
-------+----------+-------------------------------------------
     0 | D:1      | Lochraine the Deep Elf Fire Elementalist began the quest
                  | for the Orb.
     0 | D:1      | Reached XP level 1. HP: 10/10 MP: 6/6
    28 | D:1      | You fall into a shaft and drop 1 floor!
    61 | D:1      | Reached XP level 2. HP: 14/15 MP: 0/8
   895 | D:1      | Reached XP level 3. HP: 19/19 MP: 10/10
  1040 | D:2      | Noticed Jessica
  1045 | D:2      | Killed Jessica
  1059 | D:1      | Reached XP level 4. HP: 5/24 MP: 2/12
  2087 | D:2      | Learned a level 3 spell: Conjure Flame
  2447 | D:3      | Found a faded altar of an unknown god.
  2522 | D:3      | Found a transporter.
  2555 | D:3      | Found a transporter.
  2559 | D:3      | You fall into a shaft and drop 1 floor!
  2560 | D:4      | Noticed a phantom
  2567 | D:4      | Slain by a phantom

Illustrated notes

Levels and vault maps discovered:
D:1:      minmay_arrival_hallway, layout_basic, minmay_pentomino_r2
D:2:      layout_rooms, uniq_jessica
D:3:      layout_loops_cross, gammafunk_ghost_arena,
          hellmonk_ecumenical_altar_arch_garden, serial_bayou_lagoon_b
D:4:      layout_loops_cross

Skill      XL: |  1  2  3 |
---------------+----------+-----
Fire Magic     | 4 |  4.5
Spellcasting   | 4 |  4.5
Conjurations   | 2 |  2.7
Dodging        | |  2.6
Stealth        | |  2.4

Action                   |  1- 3 |  4- 6 || total
-------------------------+-------+-------++-------
Melee: Unarmed           |     7 |       ||     7
       Hand axe          |     7 |    30 ||    37
       Short sword       |     4 |       ||     4
 Cast: Foxfire           |    38 |    32 ||    70
  Use: Scroll            |       |     1 ||     1
 Stab: Sleeping          |     2 |     3 ||     5
Armor: Robe              |     5 |    15 ||    20
Dodge: Dodged            |    20 |    30 ||    50
